 Dungeon Crawl Stone Soup version 0.30-a0-782-ge64f9170bb (webtiles) character file.

Game seed: 17447883779765098395

69 HoaS the Shooter (level 3, -1/29 HPs)
             Began as a Demigod Hunter on Mar 4, 2023.
             Slain by an orc
             ... wielding a +0 whip
              (4 damage)
             ... on level 2 of the Dungeon.
             The game lasted 00:02:36 (1397 turns).

HoaS the Shooter (Demigod Hunter)                   Turns: 1397, Time: 00:02:36

Health: -1/29      AC:  6    Str: 12    XL:     3   Next: 75%
Magic:  5/5        EV: 12    Int: 11    God:
Gold:   78         SH:  0    Dex: 21    Spells: 2/2 levels left

rFire   . . .      SeeInvis .    a - +0 shortbow
rCold   . . .      Faith    .    (shield currently unavailable)
rNeg    . . .      Spirit   .    c - +0 leather armour
rPois   .          Reflect  .    (no helmet)
rElec   .          Harm     .    (no cloak)
rCorr   .          Rampage  .    i - +0 pair of gloves
Will    .....                    d - +1 pair of boots
Stlth   ++                       (no amulet)
HPRegen 0.24/turn                (no ring)
MPRegen 0.09/turn                (no ring)

@: no status effects
A: high MP 1, forlorn, divine attributes
a: no special abilities


You were on level 2 of the Dungeon.
You visited 1 branch of the dungeon, and saw 3 of its levels.

You collected 78 gold pieces.

Inventory:

Hand Weapons
 a - a +0 shortbow (weapon)
Armour
 c - a +0 leather armour (worn)
 d - a +1 pair of boots (worn)
 i - a +0 pair of gloves (worn)
Scrolls
 b - a scroll of immolation
 j - a scroll of teleportation
Potions
 e - a potion of cancellation {unknown}
 f - a potion of haste {unknown}
 g - a potion of heal wounds {unknown}
 h - a potion of attraction {unknown}


   Skills:
 - Level 1.7 Fighting
 + Level 5.1 Ranged Weapons
 - Level 1.7 Dodging
 - Level 0.8 Stealth


You had 2 spell levels left.
You didn't know any spells.
Your spell library contained the following spells:

 Spells                   Type           Power      Damage    Failure   Level
 Vhi's Electric Charge    Tloc/Air       0%         N/A       80%         3
 Arcjolt                  Conj/Air       0%         1d10      100%        5
 Maxwell's Capacitive Co  Air            0%         ∞         100%        8


Dungeon Overview and Level Annotations

Branches:
Dungeon (3/15)

Shops:
D:1 !


Innate Abilities, Weirdness & Mutations

You have an increased reservoir of magic. (+10% MP)
You shall have no god before yourself.
Your divine heritage dramatically boosts your attributes as you level up.


Message History

Your surroundings suddenly seem different.
You start waiting.
Done waiting.
(D) Dungeon
Where to? (Enter - D:3, ? - help)
There is a stone staircase leading down here.
You climb downwards.
The orc shouts! x3
There is a stone staircase leading up here.
There are monsters nearby!
There are monsters nearby!
The orc barely misses you. x2; The orc closely misses you.
You climb upwards.
There is a stone staircase leading down here.
You shoot an arrow. The arrow closely misses the orc.
The orc hits you with a +0 whip. The orc hits you but does no damage.
The orc misses you. The orc hits you with a +0 whip.
The orc hits you with a +0 mace. The orc hits you with a +0 whip.
You shoot an arrow. The arrow hits the orc!
You kill the orc!
The orc hits you but does no damage. The orc barely misses you.
You shoot an arrow. The arrow barely misses the orc.
The orc barely misses you. The orc hits you with a +0 mace.
You shoot an arrow.
The arrow hits the orc but does no damage.
The orc barely misses you. The orc hits you with a +0 mace.
You shoot an arrow. The arrow barely misses the orc.
The orc hits you with a +0 whip. The orc hits you with a +0 mace.
The orc hits you but does no damage. The orc hits you with a +0 mace!
* * * LOW HITPOINT WARNING * * *
You are too injured to fight recklessly!
You are too injured to fight recklessly!
Okay, then.
You shoot an arrow. The arrow closely misses the orc.
The orc hits you but does no damage. The orc hits you with a +0 mace.
* * * LOW HITPOINT WARNING * * *
You shoot an arrow.
The arrow hits the orc but does no damage.
The orc hits you with a +0 whip.
You die...

..#### #.# ##..#........#
.....# #.# ##.#........###
.....# #.# #............##
.(...# #.# ##.............##
###..####.#####...............#
.###.....(.#...........)......#
.....##.......................#
####..........(.o.............#
# ###..........@.............#
### #.........)o............##
..####..........#...........##
.......#...#...#######.######
....###....##### ##.#
..#........# #####..#
#.####.(...# #......# #.#
##....# #......# #.## ######
#......#


You could see 2 orcs.

Vanquished Creatures
  Jessica (D:2)
  An adder (D:2)
  2 dart slugs (D:1)
  An orc (D:2)
  3 endoplasms
  4 goblins (D:1)
  5 hobgoblins
  3 kobolds (D:1)
  3 quokkas (D:1)
  3 bats
  A rat (D:1)
27 creatures vanquished.

Notes
Turn   | Place    | Note
-------+----------+-------------------------------------------
     0 | D:1      | HoaS the Demigod Hunter began the quest for the Orb.
     0 | D:1      | Reached XP level 1. HP: 17/17 MP: 3/3
   165 | D:1      | Reached skill level 4 in Ranged Weapons
   198 | D:1      | Reached XP level 2. HP: 24/24 MP: 4/4
   588 | D:1      | Found Ziblamp's Distillery.
  1056 | D:2      | Reached XP level 3. HP: 16/29 MP: 5/5
  1144 | D:2      | Noticed Jessica
  1147 | D:2      | Killed Jessica
  1148 | D:2      | Reached skill level 5 in Ranged Weapons
  1397 | D:2      | Slain by an orc

Illustrated notes

Levels and vault maps discovered:
D:1:      dreamdust_arrival_beginning_and_end, layout_basic, serial_shops,
          nicolae_shop_behind_doors
D:2:      layout_rooms, chequers_ecumenical_altar_island,
          kennysheep_generic_room_8, uniq_jessica
D:3:      layout_loops_corners, minmay_misc_feat_columns, patterned_corridor,
          uniq_natasha

Skill      XL: |  1  2  3 |
---------------+----------+-----
Ranged Weapons | 4 5 |  5.1
Fighting       | |  1.7
Dodging        | |  1.7
Stealth        | |  0.8

Action                     || total
---------------------------++-------
   Fire: Shortbow          ||   101
    Use: Scroll            ||     3
 Armour: Leather armour    ||    22
  Dodge: Dodged            ||    41

Table legend: (Time is in decaauts)
 A = Elapsed time spent in this place.
 B = Non-inter-level travel time spent in this place.
 C = Inter-level travel time spent in this place.
 D = Time resting spent in this place.
 E = Time spent auto-exploring this place.
 F = Levels seen in this place.
 G = Mean time per level.
                   A        B        C        D        E       F      G
               +--------+--------+--------+--------+--------+-----+--------+
         Total |   1433 |   1375 |     58 |    277 |    871 |   3 |  477.7 |
       Dungeon |   1433 |   1375 |     58 |    277 |    871 |   3 |  477.7 |
               +--------+--------+--------+--------+--------+-----+--------+

Top non-repeatable levels by time:
     D:2: 716 daAuts
     D:1: 712 daAuts
     D:3: 4 daAuts
